 Dungeon Crawl Stone Soup version 0.20.1-1-g8b1a95d (webtiles) character file.

199 StormFighter the Insei (level 5, -3/40 HPs)
             Began as a Draconian Transmuter on July 13, 2017.
             Killed by nerve-wracking pain
             ... invoked by an orc priest
              (14 damage)
             ... on level 4 of the Dungeon.
             The game lasted 00:03:37 (2883 turns).

StormFighter the Insei (Draconian Transmuter)       Turns: 2883, Time: 00:03:37

Health: -3/40      AC:  5    Str: 12    XL:     5   Next: 48%
Magic:  8/8        EV: 12    Int: 14    God:
Gold:   235        SH:  0    Dex: 12    Spells: 2/8 levels left

rFire    . . .     SeeInvis .     - Unarmed
rCold    . . .     Gourm    .   (no shield)
rNeg     . . .     Faith    .   (armour unavailable)
rPois    .         Spirit   .   (helmet restricted)
rElec    .         Reflect  .   (no cloak)
rCorr    .         Harm     .   (no gloves)
MR       .....                  (no boots)
Stlth    +.........             (no amulet)
Regen    0.2/turn               (no ring)
MPRegen  0.2/turn               (no ring)

@: very slightly contaminated
A: unfitting armour, cold-blooded, AC +5
a: no special abilities


You were on level 4 of the Dungeon.
You were hungry.

You visited 1 branch of the dungeon, and saw 4 of its levels.

You collected 235 gold pieces.

Inventory:

Missiles
 a - 13 arrows
Jewellery
 t - a cursed -6 ring of protection {unknown}
Scrolls
 d - 4 scrolls of identify {unknown}
 e - 2 scrolls of enchant armour {unknown}
 f - a scroll of fear {unknown}
 h - 4 scrolls of remove curse {unknown}
 l - a scroll of fog {unknown}
 n - a scroll of enchant weapon {unknown}
 o - a scroll of blinking {unknown}
Potions
 g - a potion of might {unknown}
 j - 2 potions of flight {unknown}
 k - a potion of brilliance {unknown}
 m - a potion of invisibility {unknown}
 q - 3 potions of curing {unknown}
 r - a potion of ambrosia {unknown}
 s - a potion of degeneration {unknown}
 u - a potion of heal wounds {unknown}
 w - a potion of lignification {unknown}
Books
 b - a book of Changes

   Spells                             Type                      Level
   a - Beastly Appendage              Transmutation                1
   b - Sticks to Snakes               Transmutation                2
   c - Spider Form                    Transmutation/Poison         3
   d - Ice Form                       Ice/Transmutation            4
   e - Blade Hands                    Transmutation                5
Comestibles
 c - 4 bread rations
 i - 3 royal jellies
 v - a meat ration


   Skills:
 - Level 1.1 Fighting
 - Level 1.7 Dodging
 + Level 6.2 Unarmed Combat
 - Level 2.0 Spellcasting
 - Level 2.0 Transmutations


You had 2 spell levels left.
You knew the following spells:

 Your Spells              Type           Power        Failure   Level  Hunger
a - Beastly Appendage     Tmut           #.....       11%         1    ##.....
b - Sticks to Snakes      Tmut           #.......     16%         2    ###....
c - Spider Form           Tmut/Pois      #.........   43%         3    ####...


Dungeon Overview and Level Annotations

Branches:
Dungeon (4/15)             Temple (0/1) D:4

Altars:


Innate Abilities, Weirdness & Mutations

Your plain brown scales are hard. (AC +5)
You cannot fit into any form of body armour.
You are cold-blooded and may be slowed by cold attacks.


Message History

The orc priest is moderately wounded.
The orc priest closely misses you.
You barely miss the orc priest.
You tail-slap the orc priest, but do no damage.
The orc priest is moderately wounded.
You hit the orc priest but do no damage.
The orc priest is moderately wounded.
The orc priest hits you but does no damage.
You hit the orc priest.
The orc priest is heavily wounded.
You are feeling hungry.
The orc priest hits you but does no damage.
You punch the orc priest!
The orc priest is almost dead.
The orc priest casts a cantrip, but nothing happens.
You hit the orc priest but do no damage.
The orc priest is almost dead.
The orc priest invokes the aid of Beogh against you.
Pain shoots through your body!
You die...

..# #.# ##
#.# .##.#
.....## #.
....oo #.#
#.##o# #.#
#.##@# #.#
#.##.# #.#
#.##.# # #.#
.#######.##.#
#.##.#####
............#
#.........
########.####
####.#####
#....# #.###
####.#
#.#.### #.#
#..#...


You could see an orc priest and 2 orcs.

Vanquished Creatures
  A scorpion (D:3)
  A hound (D:4)
  2 adders
  A gnoll (D:2)
  4 worms
  3 dart slugs
  2 leopard geckos
  3 orcs
  7 bats
  2 giant cockroaches
  7 goblins
  11 hobgoblins
  4 jackals (D:4)
  2 kobolds
  4 quokkas
  3 frilled lizards
  12 rats
69 creatures vanquished.

Notes
Turn   | Place    | Note
-------+----------+-------------------------------------------
     0 | D:1      | StormFighter the Draconian Transmuter began the quest for the Orb.
     0 | D:1      | Reached XP level 1. HP: 16/16 MP: 3/3
    88 | D:1      | Reached XP level 2. HP: 20/23 MP: 3/5
   231 | D:1      | Reached skill level 4 in Unarmed Combat
   863 | D:2      | Reached XP level 3. HP: 23/28 MP: 4/6
   993 | D:2      | Learned a level 2 spell: Sticks to Snakes
  1297 | D:2      | Learned a level 3 spell: Spider Form
  1590 | D:2      | Reached XP level 4. HP: 30/35 MP: 5/7
  1924 | D:3      | Reached skill level 5 in Unarmed Combat
  2337 | D:3      | Reached XP level 5. HP: 28/40 MP: 8/8
  2600 | D:4      | Reached skill level 6 in Unarmed Combat
  2752 | D:4      | Found a staircase to the Ecumenical Temple.
  2883 | D:4      | Killed from afar by an orc priest

Skill      XL: |  1  2  3  4  5 |
---------------+----------------+-----
Unarmed Combat | 4 5 6 |  6.2
Fighting       | |  1.1
Dodging        | |  1.7
Spellcasting   | |  2.0
Transmutations | |  2.0

Action                   |  1- 3 |  4- 6 || total
-------------------------+-------+-------++-------
Melee: Unarmed           |   105 |    93 ||   198
       Headbutt          |     3 |     5 ||     8
       Tailslap          |     9 |     8 ||    17
       Kick              |     4 |     8 ||    12
       Punch             |     1 |     1 ||     2
 Cast: Beastly Appendage |    25 |    16 ||    41
       Sticks to Snakes  |     1 |       ||     1
 Stab: Sleeping          |       |     1 ||     1
  Eat: Chunk             |     3 |     4 ||     7
Armor: Skin              |    24 |    19 ||    43
Dodge: Dodged            |    57 |    49 ||   106
